 Dungeon Crawl Stone Soup version 0.30.0-19-g36f170ea60 (webtiles) character file.

Game seed: 17496977842928340974

336 cheesebisquit the Shooter (level 6, -5/43 HPs)
             Began as a Barachi Hexslinger on May 28, 2023.
             Slain by Sigmund
             ... wielding a +0 scythe
              (10 damage)
             ... on level 3 of the Dungeon.
             The game lasted 00:12:58 (3381 turns).

cheesebisquit the Shooter (Barachi Hexslinger)      Turns: 3381, Time: 00:13:00

Health: -5/43      AC:  3    Str: 12    XL:     6   Next: 54%
Magic:  8/8        EV: 12    Int: 13    God:
Gold:   223        SH:  0    Dex: 14    Spells: 0/7 levels left

rFire   . . .        q - +6 spear of the Three Emperors {speed, Stlth+}
rCold   . . .        (no shield)
rNeg    . . .        c - +0 robe
rPois   .            e - +0 helmet
rElec   .            (no cloak)
rCorr   .            (no gloves)
SInv    .            (no boots)
Will    .....        (no amulet)
Stlth   ++           (no ring)
HPRegen 0.27/turn    (no ring)
MPRegen 0.11/turn

%: no passive effects
@: confused, attractive, flying, slow
A: amphibious, slowness 1, strong legs 1, +LOS
a: Hop


You were on level 3 of the Dungeon.
You visited 1 branch of the dungeon, and saw 4 of its levels.

You collected 223 gold pieces.

Inventory:

Hand Weapons
 a - a +1 sling
 q - the +6 spear of the Three Emperors (weapon) {speed, Stlth+}
   (You found it on level 3 of the Dungeon)

   Stlth:     It makes you more stealthy.
Missiles
 i - 5 poisoned darts
 p - 6 javelins
Armour
 c - a +0 robe (worn)
 e - a +0 helmet (worn)
Scrolls
 b - 2 scrolls of poison
 f - 2 scrolls of enchant armour {unknown}
 h - a scroll of teleportation {unknown}
 j - 2 scrolls of identify {unknown}
 l - 2 scrolls of amnesia {unknown}
 n - a scroll of fog {unknown}
 r - a scroll of vulnerability {unknown}
Potions
 m - a potion of might {unknown}
 o - a potion of magic {unknown}


   Skills:
 - Level 1.2 Fighting
 * Level 4.5 Polearms
 - Level 4.5 Ranged Weapons
 - Level 2.1 Dodging
 + Level 1.4 Spellcasting
 + Level 3.4 Hexes


You couldn't memorise any spells.
You knew the following spells:

 Your Spells              Type           Power      Damage    Failure   Level
a - Slow                  Hex            36%        N/A       7%          1
b - Dazzling Flash        Conj/Hex       10%        N/A       38%         3
c - Inner Flame           Hex/Fire       5%         N/A       38%         3

Your spell library contained the following spells:

 Spells                   Type           Power      Damage    Failure   Level
 Portal Projectile        Hex/Tloc       10%        N/A       38%         3
 Cause Fear               Hex            4%         N/A       54%         4
 Vhi's Electric Charge    Tloc/Air       0%         N/A       63%         3
 Silence                  Hex/Air        2%         N/A       98%         5
 Agony                    Necr           0%         N/A       100%        5
 Arcjolt                  Conj/Air       0%         1d10      100%        5
 Plasma Beam              Fire/Air       0%         2x1d11    100%        6


Dungeon Overview and Level Annotations

Branches:
Dungeon (4/15)
 Temple: D:4-7

Altars:
Cheibriados
Elyvilon

Annotations:
D:4 Sigmund


Innate Abilities, Weirdness & Mutations

You are amphibious.
You cover ground slowly.
You can hop short distances.
You have an extended range of vision and can be seen from far away.


Message History

You hear some strange, mumbled words.
You are confused.
You bump into the rock wall.
You bump into the rock wall.
A magic dart appears from out of thin air!
The magic dart hits you.
You bump into the rock wall.
Something hits you.
You are too confused!
It was a potion of attraction.
You feel attractive to monsters. Something is attracted toward you.
Something hits you!
You feel less confused. Something barely misses you.
Something is attracted toward you. Something completely misses you.
Something is attracted toward you. Something hits you.
Something is attracted toward you.
Found a stone staircase leading up.
Something is attracted toward you. Something hits you!
Something is attracted toward you.
You hear some strange, mumbled words.
A puff of flame appears from out of thin air!
The puff of flame hits you.
* * * LOW HITPOINT WARNING * * *
Something is attracted toward you. Something hits you.
* * * LOW HITPOINT WARNING * * *
Something is attracted toward you.
You hear some strange, mumbled words.
You are confused.
Something is attracted toward you.
There is a stone staircase leading up here.
Something hits you.
* * * LOW HITPOINT WARNING * * *
You climb upwards.
Reactivating autopickup.
There is a stone staircase leading down here.
You are too confused!
It was a potion of flight.
You feel very buoyant.
You fly up into the air.
Something hits you!
You die...

..........'.........+.......#
####......#.........####...##
##..#####.......## ##.## ##.#
##.....## #.# #.# ##...## #.#
#.# ##+###### #.# #.#
#......# #.#
#####.########.####.####.#
#..............@{........#
#.###.##..###...###.######
#.# #.##..##.....##.# #.#
#.##[.###...###.# #.# #.....#
##......# #.# ####.##
######## #.######.#
#........# ##########


There were no monsters in sight!

Vanquished Creatures
  An iron imp (D:4)
  2 orc priests (D:4)
  2 iguanas (D:4)
  An orc wizard (D:4)
  Robin (D:4)
  3 gnolls (D:4)
  3 adders
  2 worms
  12 orcs (D:4)
  6 ball pythons
  2 bats
  8 endoplasms
  3 giant cockroaches
  12 goblins
  9 hobgoblins
  3 kobolds
  6 quokkas
  3 frilled lizards
  8 rats
87 creatures vanquished.

Notes
Turn   | Place    | Note
-------+----------+-------------------------------------------
     0 | D:1      | cheesebisquit the Barachi Hexslinger began the quest for
                  | the Orb.
     0 | D:1      | Reached XP level 1. HP: 15/15 MP: 2/2
   196 | D:1      | Reached XP level 2. HP: 20/21 MP: 3/3
   770 | D:2      | Reached XP level 3. HP: 26/26 MP: 4/4
  1234 | D:2      | Reached XP level 4. HP: 31/32 MP: 3/5
  1527 | D:3      | Found a white marble altar of Elyvilon.
  1828 | D:3      | Identified the +6 spear of the Three Emperors {speed,
                  | Stlth+}
  2152 | D:4      | Reached skill level 1 in Polearms
  2247 | D:4      | Reached XP level 5. HP: 37/37 MP: 3/6
  2664 | D:4      | Noticed Sigmund
  2739 | D:4      | Found a snail-covered altar of Cheibriados.
  2757 | D:4      | Reached XP level 6. HP: 20/43 MP: 7/7
  2973 | D:4      | Learned a level 3 spell: Dazzling Flash
  2977 | D:4      | Learned a level 3 spell: Inner Flame
  3080 | D:4      | Noticed Robin
  3102 | D:4      | Killed Robin
  3381 | D:3      | Slain by Sigmund

Illustrated notes

Levels and vault maps discovered:
D:1:      dpeg_arrival_tiny_d, layout_loops_ring
D:2:      layout_rooms
D:3:      layout_loops_corners, elyvilon_altar_5, small_statue_intersection,
          hangedman_decor_clover_reticule
D:4:      layout_basic, slow_altar_1, minivault_26, uniq_robin, uniq_sigmund

Skill      XL: |  1  2  3  4  5 |
---------------+----------------+-----
Ranged Weapons | 3 4 |  4.5
Polearms       | 1 4 |  4.5
Fighting       | |  1.2
Dodging        | |  2.1
Spellcasting   | |  1.4
Hexes          | |  3.4

Action                     |  1- 3 |  4- 6 || total
---------------------------+-------+-------++-------
  Melee: Spear             |       |   162 ||   162
         Punch             |       |     1 ||     1
   Fire: Sling             |   116 |    28 ||   144
   Cast: Slow              |    14 |    21 ||    35
    Use: Scroll            |     1 |       ||     1
         Potion            |       |     4 ||     4
   Stab: Sleeping          |       |     5 ||     5
 Armour: Robe              |    10 |    10 ||    20
  Dodge: Dodged            |    32 |    36 ||    68
